 Dungeon Crawl Stone Soup version 0.26-a0-651-gb41185065b (webtiles) character file.

Game seed: 3748317404906003576

448 loralnil the Distorting Demonspawn (level 6, -1/48 HPs)
             Began as a Demonspawn Abyssal Knight on Sept 30, 2020.
             Was a Believer of Lugonu.
             Slain by a killer bee (2 damage)
             ... on level 4 of the Dungeon.
             The game lasted 00:08:12 (5467 turns).

loralnil the Distorting Demonspawn (DsAK)           Turns: 5467, Time: 00:08:13

Health: -1/48      AC: 14    Str: 15    XL:     6   Next: 73%
Magic:  18/18      EV:  7    Int: 13    God:    Lugonu [**....]
Gold:   78         SH:  0    Dex: 12    Spells: 5/5 levels left

rFire    . . .     SeeInvis +   a - +2 hand axe
rCold    . . .     Faith    .   (no shield)
rNeg     . . .     Spirit   .   r - +0 chain mail
rPois    .         Reflect  .   d - +2 helmet {SInv}
rElec    .         Harm     .   (no cloak)
rCorr    .         Rampage  .   (no gloves)
MR       .....                  (no boots)
Stlth    ..........             (no amulet)
HPRegen  0.16/turn              p - ring of magical power
MPRegen  0.16/turn              (no ring)

@: lethally poisoned (-1 -> -23)
A: claws 2, iridescent scales 1, powered by pain 1
a: Depart the Abyss, Bend Space, Renounce Religion


You were on level 4 of the Dungeon.
You worshipped Lugonu.
Lugonu was pleased with you.
You visited 1 branch of the dungeon, and saw 5 of its levels.
You visited the Abyss 1 time.

You collected 233 gold pieces.
You spent 155 gold pieces at shops.

Inventory:

Hand Weapons
 a - a +2 hand axe (weapon)
Armour
 d - a +2 helmet of see invisible (worn)
 r - a +0 chain mail (worn)
Jewellery
 p - a ring of magical power (left claw)
Wands
 f - a wand of flame (16)
 q - a wand of random effects (13)
Scrolls
 b - a scroll of fear
 c - a scroll of enchant armour
 e - a scroll of immolation
 g - a scroll of remove curse
 i - 5 scrolls of teleportation
 m - 3 scrolls of amnesia
 n - a scroll of fog
 o - a scroll of blinking
 s - a scroll of magic mapping
 u - a scroll of identify
Potions
 h - a potion of flight
 l - 2 potions of stabbing


   Skills:
 + Level 4.2 Fighting
 + Level 3.3 Axes
 + Level 3.3 Armour
 + Level 2.7 Dodging
 + Level 4.7 Invocations


You had 5 spell levels left.
You didn't know any spells.
Your spell library was empty.

Dungeon Overview and Level Annotations

Branches:
Dungeon (5/15)
 Temple: D:4-7

Altars:
Ashenzari
Sif Muna

Shops:
D:4 ?

Annotations:
D:4 1 runed translucent door, Lovchig's ghost, weakling DDCj


Innate Abilities, Weirdness & Mutations

You have very sharp fingernails.
You are partially covered in iridescent scales. (AC +2)
You sometimes gain a little power by taking damage.


Message History

You completely miss the killer bee.
The killer bee is heavily wounded.
* * * LOW HITPOINT WARNING * * *
You feel sick. The killer bee stings you.
* * * LOW HITPOINT WARNING * * *
The killer bee stings you but does no damage.
You hit the killer bee.
The killer bee is severely wounded.
* * * LOW HITPOINT WARNING * * *
You feel sick. The killer bee stings you.
* * * LOW HITPOINT WARNING * * *
You are more poisoned.
The killer bee poisons you! The killer bee barely misses you.
The killer bee stings you.
* * * LOW HITPOINT WARNING * * *
You closely miss the killer bee.
The killer bee is severely wounded.
* * * LOW HITPOINT WARNING * * *
You feel sick. The killer bee stings you.
You die...

..#.......# #.#
..........# ##.##
..#.......#
##...##
.#........#
#.....#
..........#
#.<...#
.#.########
#.....# ..##
##...## .### ###.#
##.## ##########@#
#.#.###.........y#
.###.##.##########
## ##...#
.###.#### #.#.##
##.## ###


You could see a killer bee.

Vanquished Creatures
  A water moccasin skeleton (D:4)
  A killer bee (D:5)
  2 orc wizards
  2 orc priests
  2 worker ants (D:4)
  7 adders
  An ooze (D:3)
  2 worms (D:3)
  3 dart slugs
  7 leopard geckos
  19 orcs
  4 giant cockroaches
  8 goblins
  9 hobgoblins
  4 quokkas
  A ball python (D:1)
  6 bats (D:3)
  3 frilled lizards (D:1)
  A jackal skeleton (D:4)
  6 kobolds
  5 rats
94 creatures vanquished.

Vanquished Creatures (others)
  A bat (D:1)
  9 plants (D:3)
  2 withered plants (D:4)
12 creatures vanquished.

Grand Total: 106 creatures vanquished

Notes
Turn   | Place    | Note
-------+----------+-------------------------------------------
     0 | Abyss:1  | loralnil the Demonspawn Abyssal Knight began the quest for
                  | the Orb.
     0 | Abyss:1  | Reached XP level 1. HP: 18/18 MP: 2/2
    79 | D:1      | Escaped the Abyss
   317 | D:1      | Reached skill level 1 in Dodging
   600 | D:1      | Gained mutation: You have sharp fingernails. [demonic
                  | ancestry]
   600 | D:1      | Reached XP level 2. HP: 19/24 MP: 4/4
   700 | D:1      | Reached * piety under Lugonu
  1221 | D:1      | Found a shimmering blue altar of Sif Muna.
  1250 | D:2      | Gained mutation: You sometimes gain a little power by
                  | taking damage. [demonic ancestry]
  1250 | D:2      | Reached XP level 3. HP: 29/29 MP: 5/5
  1898 | D:3      | Reached XP level 4. HP: 29/35 MP: 6/6
  2603 | D:3      | Gained mutation: You have very sharp fingernails. [demonic
                  | ancestry]
  2603 | D:3      | Reached XP level 5. HP: 33/42 MP: 7/7
  2808 | D:3      | Reached ** piety under Lugonu
  4144 | D:4      | Found a runed translucent door.
  4144 | D:4      | Noticed Lovchig's ghost (weakling DDCj)
  4207 | D:4      | Found a broken altar of Ashenzari.
  4334 | D:4      | Gained mutation: You are partially covered in iridescent
                  | scales. (AC +2) [demonic ancestry]
  4334 | D:4      | Reached XP level 6. HP: 32/48 MP: 9/9
  4877 | D:4      | Found Zifuom's Magic Scroll Shop.
  4887 | D:4      | Bought a scroll of fear for 45 gold pieces
  4887 | D:4      | Bought a scroll of magic mapping for 45 gold pieces
  4887 | D:4      | Bought a scroll of noise for 13 gold pieces
  4887 | D:4      | Bought a scroll of identify for 26 gold pieces
  4887 | D:4      | Bought a scroll of identify for 26 gold pieces
  5045 | D:5      | Entered Level 5 of the Dungeon
  5466 | D:4      | HP: 2/48 [killer bee (1)]
  5467 | D:4      | Slain by a killer bee

Illustrated notes

Levels and vault maps discovered:
D:1:      dpeg_arrival_water_altar, layout_basic, serial_glass, glass_columns_a,
          glass_columns_b
D:2:      layout_loops_ring
D:3:      minmay_bubble_buster, layout_rooms, st_stairs_8, chequers_big_river
D:4:      layout_loops_cross, lemuel_doored_altar, serial_shops,
          nicolae_shop_crystal, gammafunk_ghost_grave
D:5:      layout_loops_ring, makhleb_altar_promises_db,
          lemuel_temple_firewalk_b, minmay_misc_feat_columns

Skill      XL: |  1  2  3  4  5 |
---------------+----------------+-----
Dodging        | 1 2 |  2.7
Axes           | 2 3 |  3.3
Armour         | 2 3 |  3.3
Invocations    | 3 4 |  4.7
Fighting       | 4 |  4.2

Action                   |  1- 3 |  4- 6 || total
-------------------------+-------+-------++-------
Melee: Hand axe          |    98 |   264 ||   362
Invok: Depart the Abyss  |     1 |       ||     1
  Use: Scroll            |    12 |     3 ||    15
       Potion            |       |     5 ||     5
 Stab: Sleeping          |       |     1 ||     1
Armor: Leather armour    |    41 |    60 ||   101
       Skin              |       |     7 ||     7
       Chain mail        |       |    74 ||    74
Dodge: Dodged            |    68 |   196 ||   264

Table legend: (Time is in decaauts)
 A = Elapsed time spent in this place.
 B = Non-inter-level travel time spent in this place.
 C = Inter-level travel time spent in this place.
 D = Time resting spent in this place.
 E = Time spent auto-exploring this place.
 F = Levels seen in this place.
 G = Mean time per level.
                   A        B        C        D        E       F      G
               +--------+--------+--------+--------+--------+-----+--------+
         Total |   5541 |   5433 |    108 |    879 |   3646 |   7 |  791.6 |
       Dungeon |   5462 |   5354 |    108 |    879 |   3645 |   5 | 1092.4 |
         Abyss |     78 |     78 |      0 |      0 |      1 |   2 |   39.0 |
               +--------+--------+--------+--------+--------+-----+--------+

Top non-repeatable levels by time:
     D:3: 1618 daAuts
     D:4: 1356 daAuts
     D:2: 1254 daAuts
     D:1: 1177 daAuts
     D:5: 55 daAuts
 Abyss:2: 47 daAuts
 Abyss:1: 31 daAuts
